Map: Rifts to Korhal

Players

NamroodTuo

  • Race: Zerg Zerg

Nick

  • Race: Protoss Protoss
  • Spawn Location: 7:00

VOD

Have the link to the VOD?

Description

Time

  • Played on: Jan. 9, 2023, 5:07 a.m.
  • Length: 22:04
Show
View Real Time Build Order
Export as new Build Order

NamroodTuo Zerg 

Build Orders:  

Get SALT Encoding   

  12  0:04  Infested SCV  
  13  0:19  Overlord  
  13  0:33  Infested SCV  
  13  0:35  Infested SCV  
  15  0:51  Infested Barracks  
  15  0:54  Infested SCV  
  16  1:00  Infested SCV  
  17  1:13  Infested SCV  
  18  1:22  Infested SCV  
  19  1:37  Infested SCV  
  20  1:54  Infestation Level 1  
  20  1:56  Infested SCV  
  21  2:10  Infested SCV  
  21  2:15  Infested Engineering Bay  
  22  2:27  Infested SCV  
  23  2:44  Overlord  
  23  2:51  Infested Refinery  
  23  3:29  Infested SCV  
  24  3:37  Infested SCV  
  24  3:38  Infested SCV  
  26  3:47  Infested SCV  
  27  3:57  Infested Refinery  
  27  4:02  Infested SCV  
  27  4:07  Infested Barracks Tech Lab  
  28  4:37  Stukov Infantry Weapons Level 1  
  28  4:58  Infested SCV  
  29  5:00  Overlord  
  29  5:01  Overlord  
  29  5:22  Infested Factory  
  33  5:33  Infested Bunker  
  37  5:41  Infested SCV x2  
  37  5:42  Infested SCV  
  40  6:14  Infested Bunker  
  40  6:19  Overlord x2  
  44  6:23  Infested Bunker  
  44  6:36  Infested Armory  
  44  6:52  Infestation Level 2  
  44  7:17  Regenerative Plating  
  44  7:30  Infested Barracks  
  44  7:41  Infested Barracks  
  44  7:55  Infested Barracks  
  44  8:16  Stukov Infantry Armor Level 1  
  44  8:24  Infested Marine x2  
  44  8:25  Infested Marine  
  47  8:52  Anaerobic Enhancement  
  47  9:14  Infested Marine  
  47  9:15  Infested Marine x15  
  63  9:38  Retinal Augmentation  
  63  9:52  Broodling Gestation  
  63  9:56  Overlord  
  63  9:57  Overlord x4  
  60  10:44  Infested Bunker  
  64  10:56  Stukov Infantry Weapons Level 2  
  52  11:06  Infested Bunker  
  52  11:19  Infested Command Center  
  52  11:36  Infested Marine  
  52  11:37  Infested Marine x13  
  52  11:38  Infested Marine x7  
  69  12:21  Infested Marine  
  69  12:22  Infested Marine x16  
  69  12:23  Infested Marine x11  
  97  12:42  Infestation Level 3  
  97  12:54  Plagued Munitions  
  97  13:08  Infested SCV x2  
  97  13:09  Infested SCV  
  100  13:13  Overlord  
  83  13:36  Aggressive Incubation  
  83  14:06  Calcified Armor  
  83  14:09  Infested Bunker  
  59  14:10  Infested SCV  
  59  14:11  Infested SCV x3  
  63  14:21  Infested Marine  
  63  14:22  Infested Marine x10  
  74  14:41  Unknown  
  74  15:06  Stukov Infantry Armor Level 2  
  74  15:12  Infested Marine  
  74  15:13  Infested Marine x19  
  74  15:14  Infested Marine x21  
  74  15:15  Infested Marine x4  
  119  15:49  Infested Marine  
  120  15:50  Infested Marine x6  
  120  15:58  Overlord  
  120  15:59  Overlord x7  
  115  16:55  Infested Marine x2  
  115  16:56  Infested Marine x21  
  115  16:57  Infested Marine x17  
  110  17:17  Infested Marine  
  110  17:18  Infested Marine x8  
  110  17:19  Infested Marine x11  
  130  17:22  Infested SCV x3  
  130  17:23  Infested SCV x2  
  130  17:27  Overlord x4  
  109  18:03  Infested Marine  
  109  18:04  Infested Marine x16  
  109  18:05  Infested Marine x5  
  131  18:12  Infested Marine  
  131  18:13  Infested Marine x19  
  131  18:14  Infested Marine x2  
  113  18:58  Infested Marine  
  113  18:59  Infested Marine x18  
  132  19:00  Infested Marine x4  
  135  19:11  Infested Marine  
  135  19:12  Infested Marine x6  
  135  19:13  Infested Marine x22  
  164  19:23  Infested Marine x3  
  164  19:24  Infested Marine x9  
  132  20:02  Infested Marine  
  132  20:03  Infested Marine x10  
  143  20:12  Infested SCV x2  
  143  20:13  Infested SCV x3  
  141  20:29  Infested Marine  
  141  20:30  Infested Marine x17  
  141  20:31  Infested Marine x2  
  124  20:54  Infested Marine  
  124  20:55  Infested Marine x6  
  124  20:56  Infested Marine x21  
  124  20:57  Infested Marine x4  
  143  21:09  Infested Marine x5  
  141  21:10  Infested Marine x16  
Show
View Real Time Build Order
Export as new Build Order

Nick Protoss 

Build Orders:  

Get SALT Encoding   

  12  0:19  Probe (Chrono Boost)  
  13  0:31  Xel'Naga Passageway  
  13  0:33  Probe (Chrono Boost)  
  14  0:46  Probe (Chrono Boost)  
  15  1:06  Probe (Chrono Boost)  
  16  1:20  Probe (Chrono Boost)  
  17  1:34  Probe (Chrono Boost)  
  18  1:42  Core Forge  
  18  1:48  Probe (Chrono Boost)  
  19  2:02  Probe (Chrono Boost), Xel'Naga Ambusher  
  22  2:16  Probe (Chrono Boost)  
  23  2:24  Xel'Naga Passageway  
  23  2:29  Probe (Chrono Boost)  
  23  2:34  Xel'Naga Shieldguard  
  25  2:51  Constructs Facility  
  25  3:00  Void Shrine  
  23  3:21  Xel'Naga Ambusher  
  25  3:32  Xel'Naga Shieldguard  
  24  6:02  Void Templar  
  24  6:04  Xel'Naga Ambusher  
  24  6:07  Xel'Naga Enforcer  
  32  6:38  Xel'Naga Shieldguard  
  33  6:40  Xel'Naga Ambusher  
  33  6:48  Xel'Naga Passageway  
  35  7:31  Ancient Nexus  
  35  8:12  Constructs Bay  
  35  8:24  Void Templar  
  35  8:29  Xel'Naga Ambusher  
  37  9:55  Xel'Naga Ambusher  
  37  9:57  Void Templar  
  41  10:09  Probe (Chrono Boost)  
  41  10:14  Probe (Chrono Boost)  
  41  10:16  Xel'Naga Shieldguard  
  44  10:23  Probe (Chrono Boost)  
  44  10:28  Probe (Chrono Boost)  
  46  10:37  Probe (Chrono Boost)  
  47  10:42  Probe (Chrono Boost)  
  48  10:51  Probe (Chrono Boost)  
  48  10:56  Probe (Chrono Boost)  
  50  11:04  Xel'Naga Abrogator  
  50  11:05  Probe (Chrono Boost)  
  54  11:10  Probe (Chrono Boost)  
  54  11:18  Probe (Chrono Boost)  
  56  11:32  Probe (Chrono Boost)  
  57  11:46  Probe (Chrono Boost)  
  58  12:29  Probe (Chrono Boost)  
  58  12:35  Xel'Naga Abrogator  
  62  12:43  Probe (Chrono Boost)  
  63  12:57  Probe (Chrono Boost)  
  64  13:00  Xel'Naga Enforcer  
  64  13:04  Tesseract Cannon  
  64  13:07  Tesseract Cannon  
  68  13:10  Tesseract Cannon  
  68  13:11  Probe (Chrono Boost)  
  68  13:13  Tesseract Cannon  
  69  13:20  Tesseract Cannon  
  69  13:25  Probe (Chrono Boost)  
  70  15:03  Tesseract Cannon  
  70  15:11  Tesseract Cannon  
  70  15:13  Tesseract Cannon  
  70  15:15  Tesseract Cannon  
  70  15:17  Tesseract Cannon  
  70  15:22  Tesseract Cannon  
  70  15:25  Tesseract Cannon  
  70  15:26  Tesseract Cannon  
  70  15:28  Tesseract Cannon  
  70  16:12  Zoraya Legion  
  70  18:29  Xel'Naga Enforcer  
  74  18:39  Constructs Facility  
  74  18:41  Xel'Naga Shieldguard  
  74  18:42  Xel'Naga Shieldguard  
  74  18:43  Void Templar  
  78  18:56  Xel'Naga Abrogator  
  78  18:57  Zoraya Legion  
  81  19:04  Xel'Naga Ambusher  
  83  20:04  Xel'Naga Abrogator  
  83  20:06  Xel'Naga Enforcer  
  90  20:28  Xel'Naga Enforcer  
  94  20:33  Xel'Naga Abrogator  
  97  21:00  Zoraya Legion  
Tags
 
Commander
StukovZeratul
Matchup
Co-op
Replay Pack
Multiplayer
Add a new tag
Caveats
  • Supply blocks, unpowered buildings, or Contaminate may cause inaccurate times.
  • Supply counts are checked every 10 seconds.